 Dungeon Sprint DCSS version 0.28-a0-128-gcbb86046cc (webtiles) character file.

Game seed: 14405561402016468297

93 styxcanada the Covert (level 4, -4/23 HPs)
             Began as a Spriggan Brigand on Aug 16, 2021.
             Was an Initiate of Gozag.
             Killed from afar by an oklob sapling priest (14 damage)
             ... with a splash of acid
             ... in the Dungeon (Sprint IV: "Fedhas' Mad Dash").
             The game lasted 00:00:49 (62 turns).

styxcanada the Covert (Spriggan Brigand)              Turns: 62, Time: 00:00:51

Health: -4/23      AC:  3    Str:  7    XL:     4   Next: 36%
Magic:  4/5        EV: 18    Int: 12    God:    Gozag
Gold:   54         SH:  0    Dex: 17    Spells: 3/3 levels left

rFire   . . .      SeeInvis +   a - +2 dagger
rCold   . . .      Faith    .   (shield restricted)
rNeg    . . .      Spirit   .   b - +0 robe
rPois   .          Reflect  .   (helmet restricted)
rElec   .          Harm     .   c - +0 cloak
rCorr   .          Rampage  .   (gloves unavailable)
Will    .....      NoTele   +   (boots unavailable)
Stlth   +++++.....              l - amulet of invisibility {+Inv}
HPRegen 0.07/turn               (no ring)
MPRegen 0.09/turn               (no ring)

@: very slightly contaminated, very quick
A: very small, no large weapons, unfitting armour, see invisible, speed 3
a: Renounce Religion, Evoke Invisibility, Potion Petition, Call Merchant, Bribe
Branch


You were in the Dungeon.
You worshipped Gozag.
Gozag was noncommittal.
You visited 1 branch You collected 54 gold pieces.

Inventory:

Hand Weapons
 a - a +2 dagger (weapon)
Missiles
 d - 8 poisoned darts (quivered)
 e - 2 curare-tipped darts
Armour
 b - a +0 robe (worn)
 c - a +0 cloak (worn)
Jewellery
 l - the amulet of invisibility (around neck) {+Inv}
   (You found it in the Dungeon)

   [amulet of nothing]

   +Inv:      It lets you turn invisible.
Scrolls
 k - a scroll of blinking
Potions
 f - a potion of curing
 g - a potion of heal wounds
 h - a potion of haste
 i - 3 potions of magic
 j - a potion of berserk rage


   Skills:
 * Level 2.6 Fighting
 + Level 3.0 Short Blades
 + Level 2.6 Throwing
 * Level 3.9 Dodging
 * Level 12.2 Stealth


You had 3 spell levels left.
You didn't know any spells.
Your spell library was empty.

Dungeon Overview and Level Annotations

Branches:
Dungeon (1/1)

Altars:
Cheibriados
Dithmenos
Elyvilon
Gozag
Hepliaklqana
Kikubaaqudgha
Makhleb
Nemelex Xobeh
Okawaru
Qazlal
Ru
Sif Muna
Trog
Uskayaw
Vehumet
Wu Jian
Xom
Yredelemnul
Zin
The Shining One
Beogh
Jiyva
Lugonu

Annotations:
D exclusion: oklob sapling


Innate Abilities, Weirdness & Mutations

You are very small and have problems with some larger weapons.
You are too small for most types of armour.
You have supernaturally acute eyesight. (SInv)
You cover ground extremely quickly. (Speed+++)


Message History

An oklob sapling priest comes into view.
Marking area around an oklob sapling as unsafe for travelling.
Found four altars.
There is an open door here.
Found three altars.
Found two altars.
Found three altars.
There is an opulent altar of Gozag here.
You kneel at the altar of Gozag.
Gozag welcomes you!
Gozag waives the service fee.
Found a corrupted altar of Lugonu and a radiant altar of Vehumet.
There is a hazy altar of Hepliaklqana here.
You hit the oklob sapling priest but do no damage.
You hit the oklob sapling priest but do no damage.
The oklob sapling priest spits acid at you.
The splash of acid misses you.
You hit the oklob sapling priest but do no damage.
You flicker for a moment.
You hit the oklob sapling priest but do no damage.
The oklob sapling priest spits acid at you.
The splash of acid misses you.
You hit the oklob sapling priest but do no damage.
You hit the oklob sapling priest but do no damage.
You hit the oklob sapling priest but do no damage.
You hit the oklob sapling priest.
The oklob sapling priest is lightly damaged.
The oklob sapling priest mumbles some strange prayers to its god against you.
Something smites you!
Ouch! That really hurt!
You hit the oklob sapling priest but do no damage.
The oklob sapling priest is lightly damaged.
You hit the oklob sapling priest.
The oklob sapling priest is lightly damaged.
You flicker back into view.
The oklob sapling priest spits acid at you.
The splash of acid hits you!
Ouch! That really hurt!
You die...
Your body crumbles into a pile of gold.

########################
...†#.....#.⌠._._._._.⌠.
$
....'.#.(.'.._._@_._._..
$ $
....#.#...#..._._P_._...
########+##.._._._._._..
$ #._._._._._.⌠. $
$############## $ $$ $


You could see an oklob sapling priest.

Vanquished Creatures
  A scorpion (D)
  An oklob sapling (D)
  A river rat (D)
  A rat (D)
4 creatures vanquished.

Notes
Turn   | Place    | Note
-------+----------+-------------------------------------------
     0 | D        | styxcanada the Spriggan Brigand began the quest for the
                  | Orb.
     0 | D        | Reached XP level 1. HP: 10/10 MP: 2/2
     9 | D        | Reached skill level 8 in Stealth
     9 | D        | Reached XP level 2. HP: 15/15 MP: 3/3
    17 | D        | Noticed an oklob sapling
    19 | D        | Killed an oklob sapling
    20 | D        | Reached skill level 10 in Stealth
    20 | D        | Reached XP level 3. HP: 18/18 MP: 4/4
    21 | D        | Noticed a scorpion
    22 | D        | Found the amulet of invisibility {+Inv}
    23 | D        | Killed a scorpion
    24 | D        | Reached skill level 12 in Stealth
    24 | D        | Reached XP level 4. HP: 23/23 MP: 5/5
    44 | D        | Found an opulent altar of Gozag.
    44 | D        | Found a hazy altar of Hepliaklqana.
    44 | D        | Found a burning altar of Makhleb.
    44 | D        | Found a sparkling altar of Nemelex Xobeh.
    44 | D        | Found a sacrificial altar of Ru.
    44 | D        | Found a shimmering blue altar of Sif Muna.
    44 | D        | Found an ornate altar of the Wu Jian Council.
    44 | D        | Found a shimmering altar of Xom.
    44 | D        | Found a basalt altar of Yredelemnul.
    45 | D        | Found a viscous altar of Jiyva.
    45 | D        | Found a snail-covered altar of Cheibriados.
    45 | D        | Found a bloodstained altar of Trog.
    46 | D        | Found an iron altar of Okawaru.
    46 | D        | Found a shadowy altar of Dithmenos.
    46 | D        | Found a glowing silver altar of Zin.
    47 | D        | Found an ancient bone altar of Kikubaaqudgha.
    47 | D        | Found a hide-covered altar of Uskayaw.
    48 | D        | Found a stormy altar of Qazlal.
    48 | D        | Found a white marble altar of Elyvilon.
    48 | D        | Found a glowing golden altar of the Shining One.
    49 | D        | Became a worshipper of Gozag Ym Sagoz the Greedy
    50 | D        | Found a corrupted altar of Lugonu.
    50 | D        | Found a radiant altar of Vehumet.
    62 | D        | Killed from afar by an oklob sapling priest

Illustrated notes

Levels and vault maps discovered:
D:        dungeon_sprint_fedhas [sprint_temple]

Skill      XL: |  1  2  3 |
---------------+----------+-----
Dodging        | 2 3 |  3.9
Stealth        | 8 10 12 | 12.2
Fighting       | 2 |  2.6
Short Blades   | 3 |  3.0
Throwing       | |  2.6

Action                   |  1- 3 |  4- 6 || total
-------------------------+-------+-------++-------
Melee: Dagger            |     4 |    10 ||    14
 Abil: Evoke Invisibilit |       |     1 ||     1
 Stab: Sleeping          |     4 |       ||     4
Dodge: Dodged            |       |     2 ||     2

Table legend: (Time is in decaauts)
 A = Elapsed time spent in this place.
 B = Non-inter-level travel time spent in this place.
 C = Inter-level travel time spent in this place.
 D = Time resting spent in this place.
 E = Time spent auto-exploring this place.
 F = Levels seen in this place.
 G = Mean time per level.
                   A        B        C        D        E       F      G
               +--------+--------+--------+--------+--------+-----+--------+
         Total |     48 |     48 |      0 |      0 |      0 |   1 |   48.0 |
       Dungeon |     48 |     48 |      0 |      0 |      0 |   1 |   48.0 |
               +--------+--------+--------+--------+--------+-----+--------+

Top non-repeatable levels by time:
       D: 48 daAuts
